 Dungeon Crawl Stone Soup version 0.30.1-9-gdf580d7c3d (webtiles) character file.

Game seed: 3568341424800701238

2023 Woods the Covert (level 9, -13/57 HPs)
             Began as an Octopode Conjurer on Oct 19, 2023.
             Was a Follower of Vehumet.
             Mangled by an orc warrior
             ... wielding a +0 whip
              (14 damage)
             ... on level 6 of the Dungeon.
             The game lasted 00:16:47 (9138 turns).

Woods the Covert (Octopode Conjurer)                Turns: 9138, Time: 00:16:48

Health: -13/57     AC:  1    Str:  6    XL:     9   Next: 23%
Magic:  8/19       EV: 14    Int: 25    God:    Vehumet [*.....]
Gold:   366        SH:  0    Dex: 10    Spells: 12/22 levels left

rFire   x . .        (no weapon)
rCold   + . .        (no shield)
rNeg    . . .        (helmet restricted)
rPois   .            (no amulet)
rElec   .            t - ring of ice
rCorr   .            (no ring)
SInv    .            (no ring)
Will    .....        (no ring)
Stlth   +++++        (no ring)
HPRegen 0.29/turn    (no ring)
MPRegen 0.16/turn    (no ring)
                     (no ring)

%: no passive effects
@: no status effects
A: almost no armour, amphibious, 8 rings, camouflage 1, gelatinous body 1,
(nimble swimmer 1), tentacles
a: Renounce Religion


You were on level 6 of the Dungeon.
You worshipped Vehumet.
Vehumet was aware of your devotion.
You visited 2 branches of the dungeon, and saw 7 of its levels.

You collected 366 gold pieces.

Inventory:

Hand Weapons
 y - a +1 dagger of draining
Jewellery
 t - a ring of ice (left tentacle)
Wands
 n - a wand of flame (5)
 p - a wand of digging (5)
 x - a wand of iceblast (18)
 B - a wand of paralysis (8)
Scrolls
 b - 4 scrolls of teleportation {unknown}
 c - 2 scrolls of fog {unknown}
 d - 4 scrolls of identify {unknown}
 e - 2 scrolls of vulnerability {unknown}
 f - 5 scrolls of immolation {unknown}
 i - 2 scrolls of blinking {unknown}
 k - a scroll of fear {unknown}
 o - 2 scrolls of poison {unknown}
 r - a scroll of summoning
 s - a scroll of enchant armour {unknown}
 u - a scroll of enchant weapon {unknown}
 w - a scroll of silence {unknown}
 A - a scroll of magic mapping {unknown}
Potions
 a - 3 potions of magic
 g - 2 potions of degeneration {unknown}
 h - 2 potions of curing {unknown}
 j - 4 potions of lignification {unknown}
 l - 3 potions of berserk rage {unknown}
 m - 4 potions of mutation {unknown}
 q - a potion of invisibility {unknown}
 v - a potion of haste {unknown}
 z - a potion of ambrosia {unknown}


   Skills:
 + Level 3.2 Fighting
 - Level 5.0 Dodging
 + Level 8.6 Stealth
 + Level 7.0 Spellcasting
 - Level 6.0 Conjurations


You had 12 spell levels left.
You knew the following spells:

 Your Spells              Type           Power      Damage    Failure   Level
a - Magic Dart            Conj           100%       1d8       1%          1
b - Searing Ray           Conj           76%        2d7       1%          2
c - Dazzling Flash        Conj/Hex       46%        N/A       6%          3
d - Fulminant Prism       Conj/Hex       11%        3d8       19%         4

Your spell library contained the following spells:

 Spells                   Type           Power      Damage    Failure   Level
 Freeze                   Ice            52%        1d6       7%          1
 Kiss of Death            Conj/Necr      92%        2d12      1%          1
 Beastly Appendage        Tmut           16%        N/A       7%          1
 Summon Small Mammal      Summ           32%        N/A       7%          1
 Wereblood                Tmut           8%         N/A       10%         2
 Iskenderun's Mystic Bla  Conj/Tloc      23%        2d6       19%         4
 Call Canine Familiar     Summ           8%         N/A       21%         3
 Confusing Touch          Hex            8%         N/A       21%         3
 Gell's Gravitas          Tloc           8%         N/A       21%         3
 Portal Projectile        Hex/Tloc       16%        N/A       21%         3
 Spider Form              Tmut/Pois      8%         N/A       21%         3
 Summon Guardian Golem    Hex/Summ       8%         N/A       21%         3
 Teleport Other           Tloc           8%         N/A       21%         3
 Dispel Undead            Necr           8%         3d8       54%         4
 Leda's Liquefaction      Hex/Erth       4%         N/A       54%         4
 Dispersal                Tloc           4%         N/A       100%        6


Dungeon Overview and Level Annotations

Branches:
Dungeon (6/15)             Temple (1/1) D:5

Altars:
Cheibriados
Elyvilon
Fedhas
Kikubaaqudgha
Makhleb
Okawaru
Ru
Trog
Vehumet
Wu Jian
Xom
The Shining One

Annotations:
D:5 exclusion: door


Innate Abilities, Weirdness & Mutations

You cannot wear most types of armour.
You are amphibious.
You can wear up to eight rings at the same time.
Your skin changes colour to match your surroundings (Stealth+).
Your rubbery body absorbs attacks. (AC +1, EV +1)
((You are camouflaged when in or above water. (Stealth+)))
You have tentacles for arms and can constrict up to eight enemies at once.


Message History

The orc warrior is moderately wounded.
The searing ray hits the white imp!
The white imp is severely wounded.
The searing ray hits the orc warrior.
The orc warrior is moderately wounded.
The searing ray misses the white imp.
The orc warrior hits you with a +0 whip.
The searing ray hits the orc warrior.
The orc warrior is heavily wounded.
The searing ray misses the white imp.
The searing ray hits the orc.
The orc is heavily wounded.
You finish channelling your searing ray.
The orc warrior hits you with a +0 whip.
Unknown command.
Casting: Searing Ray (safe; 1% risk of failure)
Confirm with . or Enter, or press ? or * to list all spells.
Aiming: Searing Ray (safe; 1% risk of failure)
Press: ? - help, Shift-Dir - straight line, f/p - orc warrior
Aim: an orc warrior, wielding a +0 whip and wearing a +0 chain mail (heavily wounded, 78% to hit)
The searing ray misses the orc warrior.
The searing ray hits the white imp.
You kill the white imp!
The white imp dissolves into shadows!
The searing ray hits the orc.
You kill the orc!
Vehumet accepts your kill. (Press . to maintain the ray.)
The orc warrior hits you with a +0 whip!
* * * LOW HITPOINT WARNING * * *
The searing ray hits the orc warrior.
The orc warrior is severely wounded.
The orc warrior hits you with a +0 whip!
* * * LOW HITPOINT WARNING * * *
Unknown command.
Unknown command.
Unknown command.
Casting: Searing Ray (safe; 1% risk of failure)
Confirm with . or Enter, or press ? or * to list all spells.
Casting: Dazzling Flash (dangerous; 6% risk of failure)
Press: ? - help, Dir - look around, f - activate The orc warrior hits you with a +0 whip!
You die...

#...######...........#
##.....#....###.......#
# #.....[..###
##.....## ## #..##...##
##...## ##. #.## ##..##
##..## #.. #.# ##).#
#..## #.# #.# ##.##
#.## #.# .# ##o### ##.#
#.# ##@.###..# #.#
##..##..# ##..
##.....#### ##...
#........###...#
#.....>........#
#..............#
#..####........# #>.#
#...###... #..# #..##
##..


You could see an orc warrior.

Vanquished Creatures
  2 water moccasins (D:6)
  An ice beast (D:6)
  A sky beast (D:6)
  An orc warrior (D:6)
  An ogre (D:6)
  2 kobold brigands (D:5)
  A bullfrog (D:5)
  3 scorpions
  2 howler monkeys
  7 hounds
  9 jellies
  4 orc priests
  2 iguanas (D:5)
  3 orc wizards
  3 gnolls (D:3)
  6 adders
  2 shadow imps
  2 white imps (D:6)
  3 adder skeletons (D:2)
  A worm (D:3)
  5 dart slugs
  9 orcs
  3 ball pythons
  7 bats
  A bat skeleton (D:2)
  A bat zombie (D:2)
  13 endoplasms
  3 giant cockroaches
  5 goblins
  13 hobgoblins
  4 jackals (D:1)
  16 kobolds
  8 quokkas
  A ball python skeleton (D:2)
  2 frilled lizards (D:1)
  A jackal zombie (D:2)
  11 rats
159 creatures vanquished.

Notes
Turn   | Place    | Note
-------+----------+-------------------------------------------
     0 | D:1      | Woods the Octopode Conjurer began the quest for the Orb.
     0 | D:1      | Reached XP level 1. HP: 11/11 MP: 3/3
   188 | D:1      | Reached skill level 3 in Stealth
   188 | D:1      | Reached XP level 2. HP: 17/17 MP: 3/5
   420 | D:1      | Learned a level 2 spell: Searing Ray
   485 | D:1      | Reached XP level 3. HP: 14/21 MP: 2/6
  1635 | D:2      | Reached XP level 4. HP: 19/27 MP: 3/7
  1685 | D:2      | You fall into a shaft and drop 2 floors!
  1971 | D:3      | Reached skill level 4 in Stealth
  2074 | D:3      | Found a bloodstained altar of Trog.
  2074 | D:3      | Found a glowing golden altar of the Shining One.
  2154 | D:3      | Found a white marble altar of Elyvilon.
  2179 | D:3      | Reached XP level 5. HP: 31/31 MP: 7/9
  2477 | D:2      | Found a faded altar of an unknown god.
  4022 | D:3      | Reached XP level 6. HP: 31/36 MP: 0/10
  4229 | D:4      | Reached skill level 5 in Conjurations
  4431 | D:4      | Reached skill level 5 in Stealth
  4775 | D:4      | Learned a level 3 spell: Dazzling Flash
  5632 | D:5      | Entered Level 5 of the Dungeon
  5645 | D:5      | Learned a level 4 spell: Fulminant Prism
  5658 | D:5      | Reached XP level 7. HP: 41/41 MP: 6/12
  6107 | D:5      | Found an iron altar of Okawaru.
  6108 | D:5      | Found a snail-covered altar of Cheibriados.
  6108 | D:5      | Found a burning altar of Makhleb.
  6109 | D:5      | Found an ancient bone altar of Kikubaaqudgha.
  6147 | D:5      | Reached skill level 6 in Stealth
  6210 | D:5      | Found a staircase to the Ecumenical Temple.
  6222 | Temple   | Entered the Ecumenical Temple
  6243 | Temple   | Became a worshipper of Vehumet
  6407 | D:5      | Found a sacrificial altar of Ru.
  6761 | D:5      | Reached XP level 8. HP: 18/46 MP: 3/14
  6884 | D:5      | Reached skill level 5 in Dodging
  6884 | D:5      | Reached skill level 7 in Stealth
  7293 | D:5      | Noticed a slime creature
  7294 | D:5      | Reached skill level 5 in Spellcasting
  7633 | D:5      | Reached * piety under Vehumet
  7633 | D:5      | Offered knowledge of Freeze by Vehumet.
  8119 | D:6      | Reached skill level 1 in Fighting
  8311 | D:6      | Reached skill level 8 in Stealth
  8311 | D:6      | Reached XP level 9. HP: 55/55 MP: 12/19
  9137 | D:6      | HP: 1/57 [orc warrior/+0 whip (13)]
  9138 | D:6      | Mangled by an orc warrior

Illustrated notes

Levels and vault maps discovered:
D:1:      minmay_arrival_jagged, layout_loops_cross, minmay_pentomino_q4
D:2:      layout_loops_cross, serial_undead, serial_undead_b, serial_undead_e,
          serial_undead_e, serial_undead_d,
          shapermc_ecumenical_altar_starsandcircs
D:3:      wad_river_or_something, layout_basic, elyvilon_altar_3,
          nicolae_overflow_two_pavilions
D:4:      layout_loops_ring
D:5:      cheibrodos_fertilizer, layout_rooms, nicolae_ru_path_of_blood,
          chequers_temple_overflow_statue_of_worship, minmay_temple_entry_grid
D:6:      layout_layer_cave
Temple:   nicolae_temple_ecumenical_triangle

Skill      XL: |  1  2  3  4  5  6  7  8  9 |
---------------+----------------------------+-----
Stealth        | 3 4 5 6 8 |  8.6
Dodging        | 3 4 5 |  5.0
Spellcasting   | 3 4 6 7 |  7.0
Conjurations   | 5 6 |  6.0
Fighting       | 2 3 |  3.2

Action                     |  1- 3 |  4- 6 |  7- 9 || total
---------------------------+-------+-------+-------++-------
  Melee: Unarmed           |    35 |    20 |       ||    55
         Constrict         |     7 |     8 |       ||    15
         Tentacles         |     5 |     4 |       ||     9
         Punch             |     1 |     1 |       ||     2
   Cast: Magic Dart        |    55 |    84 |    76 ||   215
         Searing Ray       |     1 |    36 |    44 ||    81
         Dazzling Flash    |       |       |     2 ||     2
   Stab: Sleeping          |     1 |       |       ||     1
 Armour: Skin              |     2 |     2 |     1 ||     5
  Dodge: Dodged            |    25 |    30 |    33 ||    88
